 Dungeon Crawl Stone Soup version 0.17.2-1-ge4368a0 (webtiles) character file.

56 Goblin1989 the Ducker (level 4, -1/26 HPs)
             Began as a Kobold Earth Elementalist on Oct 16, 2016.
             Slain by an orc
             ... wielding a +0 flail
              (6 damage)
             ... on level 3 of the Dungeon.
             The game lasted 00:07:46 (467 turns).

Goblin1989 the Ducker (Kobold Earth Elementalist)    Turns: 467, Time: 00:07:46

Health: -1/26      AC:  5    Str:  6    XL:     4   Next: 15%
Magic:  7/7        EV: 16    Int: 13    God:
Gold:   67         SH:  0    Dex: 17    Spells: 1 memorised, 6 levels left

rFire  . . .     SeeInvis .     j - +1 dagger (drain)
rCold  . . .     Clarity  .     a - +0 robe
rNeg   . . .     SustAt   .     (shield restricted)
rPois  .         Gourm    .     (no helmet)
rElec  .         Spirit   .     (no cloak)
rCorr  .         Warding  .     (no gloves)
rMut   .         Stasis   .     k - +2 pair of boots
MR     .....                    (no amulet)
Stlth  +++.......               (no ring)
                                (no ring)

@: not resistant to hostile enchantments, fairly stealthy
A: carnivore 3
a: no special abilities


You were on level 3 of the Dungeon.
You were full.

You visited 1 branch of the dungeon, and saw 3 of its levels.

You collected 67 gold pieces.

Inventory:

Hand Weapons
 j - a +1 dagger of draining (weapon)
Missiles
 b - 5 stones (quivered)
Armour
 a - a +0 robe (worn)
 k - a +2 pair of boots (worn)
Jewellery
 l - a cursed ring of teleportation {unknown}
Scrolls
 f - 2 scrolls of teleportation {unknown}
Potions
 e - a potion of haste {unknown}
 g - 2 potions of degeneration {unknown}
 h - a potion of heal wounds {unknown}
Books
 c - a book of Geomancy

   Spells                             Type                      Level
   a - Sandblast                      Earth                        1
   b - Stoneskin                      Transmutation/Earth          2
   c - Passwall                       Transmutation/Earth          3
   d - Stone Arrow                    Conjuration/Earth            3
   e - Petrify                        Transmutation/Earth          4
   f - Lee's Rapid Deconstruction     Earth                        5
Comestibles
 d - a meat ration {@e2}
 i - a royal jelly


   Skills:
 + Level 2.0 Fighting
 * Level 2.2 Short Blades
 + Level 3.3 Dodging
 + Level 3.0 Stealth
 - Level 2.0 Spellcasting
   Level 0.8 Transmutations
 - Level 3.0 Earth Magic


You had 6 spell levels left.
You knew the following spells:

 Your Spells              Type           Power        Failure   Level  Hunger
a - Sandblast             Erth           #.....       10%         1    ##.....


Dungeon Overview and Level Annotations

Branches:
Dungeon (3/15)

Altars:


Innate Abilities, Weirdness & Mutations

You are small and have problems with some larger weapons.
You are carnivorous and can eat meat at any time.


Message History

You see here 13 gold pieces.
You now have 67 gold pieces (gained 13).
Found a stone staircase leading up.
The orc hits you with a war axe.
* * * LOW HITPOINT WARNING * * *
You take 6 damage, and have 4/26 hp.
MASSIVE DAMAGE!!
You hit the orc. You drain the orc!
The orc is severely wounded.
You hit the orc. You drain the orc!
You kill the orc!
You barely miss the orc. The orc completely misses you.
You hit the orc.
The orc is lightly wounded.
You hit the orc.
The orc is severely wounded.
The orc misses you.
You barely miss the orc.
The orc is severely wounded.
The orc hits you with a flail.
You die...

ਜ...........
ਜਜਜਜ...........
.............$..
.ਜਜਜ.....ਜ......
....ਜਜਜoਜਜਜਜਜਜਜ
ਜਜਜ. ਜ.ਜ ...
ਜ.ਜਜਜਜਜ.ਜ
ਜਜਜਜਜ.ਜਜਜ.......ਜ
.......@oo........


ਜਜਜਜਜ<ਜਜਜਜਜਜਜਜਜਜਜਜ ਜ You could see 2 orcs.

Vanquished Creatures
  Terence (D:2)
  An adder (D:2)
  An ooze (D:1)
  A giant gecko (D:1)
  An orc (D:3)
  A bat (D:2)
  2 goblins
  5 kobolds
  A giant newt (D:1)
  A rat (D:1)
15 creatures vanquished.

Notes
Turn   | Place    | Note
--------------------------------------------------------------
     0 | D:1      | Goblin1989 the Kobold Earth Elementalist began the quest for the Orb.
     0 | D:1      | Reached XP level 1. HP: 10/10 MP: 3/3
   133 | D:2      | Reached skill level 1 in Fighting
   133 | D:2      | Reached XP level 2. HP: 12/16 MP: 1/5
   284 | D:1      | Reached skill level 1 in Short Blades
   285 | D:1      | Reached XP level 3. HP: 16/20 MP: 2/6
   303 | D:2      | Noticed Terence
   329 | D:2      | Killed Terence
   329 | D:2      | Reached XP level 4. HP: 23/26 MP: 1/7
   467 | D:3      | Slain by an orc

Action                   |  1- 3 |  4- 6 || total
-------------------------+-------+-------++-------
Melee: Unarmed           |     1 |       ||     1
       Dagger            |    28 |    15 ||    43
 Cast: Sandblast         |    15 |       ||    15
 Stab: Sleeping          |       |     1 ||     1
  Eat: Chunk             |     3 |       ||     3

Vault maps used:
D:1:      mushboom_english_gardens, hangedman_decor_opposing,
          serial_bayou_pond_a, eino_curves_01
D:2:      uniq_terence
D:3:      ashenzari_conservatory_becter, old_standard_altar,
          gup_sewer_entry_bowl, first_bread, uniq_grinder
